 Dungeon Crawl Stone Soup version 0.32-a0-656-g3542139ebd (webtiles) character file.

Game seed: 2140087211386147692

7896 ytrimaz the Covert (level 11, 0/63 HPs)
             Began as an Octopode Shapeshifter on Mar 8, 2024.
             Was a Follower of Ashenzari.
             Slain by an orc warrior
             ... wielding a +0 long sword
              (9 damage)
             ... on level 10 of the Dungeon.
             The game lasted 00:13:09 (10290 turns).

ytrimaz the Covert (Octopode Shapeshifter)         Turns: 10290, Time: 00:13:10

Health: 0/63       AC:  1    Str: 14    XL:     11   Next: 22%
Magic:  20/20      EV: 16    Int: 17    God:    Ashenzari [*.....]
Gold:   30         SH:  0    Dex: 11    Spells: 10/10 levels left

rFire   . .          .
                       - Unarmed
rCold   + . .        (no shield)
rNeg    . . .        (helmet restricted)
rPois   .            j - amulet of Ashenzari's Dismay {Acrobat, Cun, Elem} (curse)
rElec   .            u - ring "Omniscient Foul Odours" {MP+9, Dev, Melee} (curse)
rCorr   .            a - ring of Desmomancy {rC+, Melee, Cun} (curse)
SInv    .            x - ring of willpower
Will    +....        (no ring)
Stlth   ++++++       (no ring)
HPRegen 0.30/turn    (no ring)
MPRegen 0.17/turn    (no ring)
                     (no ring)

%: acrobat
@: maw-form
A: devouring maw, almost no armour, amphibious, 8 rings, camouflage 1,
gelatinous body 1, (nimble swimmer 1), tentacles
a: Begin Untransformation, Renounce Religion, Curse Item, Shatter the Chains


You were on level 10 of the Dungeon.
You worshipped Ashenzari.
Ashenzari was aware of your devotion.
You were a creature with a mouth for a stomach.
You visited 2 branches of the dungeon, and saw 11 of its levels.

You collected 334 gold pieces.
You spent 304 gold pieces at shops.


Innate Abilities, Weirdness & Mutations

You are a creature with a mouth for a stomach.
Your midsection houses a second, enormous mouth.
You cannot wear most types of armour.
You are amphibious.
You can wear up to eight rings at the same time.
Your skin changes colour to match your surroundings (Stealth+).
Your rubbery body absorbs attacks. (AC +1, EV +1)
((You are camouflaged when in or above water. (Stealth+)))
You have tentacles for arms and can constrict up to eight enemies at once.


   Skills:
 - Level 1.0 Fighting
 + Level 8.2(9.5) Dodging
 - Level 10.8(12.0) Stealth
 + Level 9.1(10.3) Unarmed Combat
 + Level 9.6(10.4) Shapeshifting


You had 10 spell levels left.
You didn't know any spells.
Your spell library contained the following spells:

 Spells                   Type           Power      Damage    Failure   Level
 Shock                    Conj/Air       0%         1d3       24%         1
 Call Canine Familiar     Summ           0%         N/A       56%         3
 Dazzling Flash           Conj/Hex       0%         N/A       56%         3
 Mephitic Cloud           Conj/Alch/Air  0%         N/A       56%         3
 Sigil of Binding         Hex            0%         N/A       56%         3
 Swiftness                Air            0%         N/A       56%         3
 Airstrike                Air            0%         2d(0-16)  93%         4
 Dimensional Bullseye     Hex/Tloc       0%         N/A       93%         4
 Curse of Agony           Necr           0%         N/A       100%        5
 Silence                  Hex/Air        0%         N/A       100%        5
 Conjure Ball Lightning   Conj/Air       0%         3x3d6     100%        6
 Discord                  Hex            0%         N/A       100%        8
 Disjunction              Tloc           0%         N/A       100%        8

Inventory:

Missiles
 t - 2 throwing nets
Jewellery
 a - the cursed ring of Desmomancy (right tentacle) {rC+, Melee, Cun}
   (You took it off a kobold on level 7 of the Dungeon)

   [ring of protection from cold]

   rC+:       It protects you from cold.
   It has a curse which improves the following skills: Melee Combat: Short
   Blades, Long Blades, Axes, Maces & Flails, Polearms, Staves and Unarmed
   Combat.
   Cunning:   Dodging and Stealth.
 j - the cursed amulet of Ashenzari's Dismay (around mantle) {Acrobat, Cun, Elem}
   (You found it on level 1 of the Dungeon)

   [amulet of the acrobat]

   Acrobat:   It increases your evasion while moving and waiting.
   It has a curse which improves the following skills: Cunning: Dodging and
   Stealth.
   Elements:  Fire Magic, Ice Magic, Air Magic and Earth Magic.
 m - the ring "Mutoqe" {Fire rPois Will++ rCorr Dex-5}
   (You found it on level 6 of the Dungeon)

   [ring of fire]

   Fire:      It enhances your fire magic.
   Dex-5:     It affects your dexterity (-5).
   rF+:       It protects you from fire.
   rC-:       It makes you vulnerable to cold.
   rPois:     It protects you from poison.
   Will++:    It greatly increases your willpower.
   rCorr:     It protects you from acid and corrosion.
 u - the cursed ring "Omniscient Foul Odours" (left tentacle) {MP+9, Dev, Melee}
   (You found it on level 8 of the Dungeon)

   [ring of magical power]

   MP+9:      It affects your magic capacity (+9).
   It has a curse which improves the following skills: Devices: Evocations and
   Shapeshifting.
   Melee Combat: Short Blades, Long Blades, Axes, Maces & Flails, Polearms,
   Staves and Unarmed Combat.
 x - a ring of willpower (on tentacle)
   (You found it on level 9 of the Dungeon)
Talismans
 b - a beast talisman
 c - a flux talisman
 v - a maw talisman (active)
   (You found it on level 8 of the Dungeon)
Wands
 p - a wand of light (8) (quivered)
   (You found it on level 5 of the Dungeon)
 r - a wand of mindburst (19)
   (You took it off Ijyb on level 4 of the Dungeon)
 s - a wand of paralysis (9)
   (You took it off Jeremiah on level 7 of the Dungeon)
Scrolls
 d - 2 scrolls of brand weapon
 e - 3 scrolls of amnesia
 g - 3 scrolls of vulnerability
 h - a scroll of immolation
 n - 2 scrolls of blinking
 y - a scroll of fog
Potions
 f - a potion of ambrosia
 i - 2 potions of brilliance
 k - 2 potions of enlightenment
 l - 5 potions of curing
 o - a potion of mutation
 q - 3 potions of might
 w - 2 potions of heal wounds
 z - a potion of attraction
 A - a potion of berserk rage

Dungeon Overview and Level Annotations

Branches:
Dungeon (10/15) Zot: 26993  Temple (1/1) D:5 Zot: 5979    Lair (0/5) D:8
    Orc (0/2) D:10

Altars:
Ashenzari
Cheibriados
Dithmenos
Elyvilon
Fedhas
Gozag
Kikubaaqudgha
Makhleb
Nemelex Xobeh
Okawaru
Qazlal
Ru
Sif Muna
Trog
Uskayaw
Vehumet
Wu Jian
Xom
Yredelemnul
The Shining One

Shops:
D:5 :   D:9 !

Annotations:
D:4 Edmund

... . .... ..
.....#########...
.......<.........
#................
#........W.......
#.......ooo>..>..
#................
#.......#ß...ß#..
#...#######+### .
.... ..


You could see 2 orc warriors and an orc.


Message History

You open the door.
There is an open translucent door here.
There is an entrance to Wota's Distillery here.
l - 3 potions of curing (gained 1);
l - 4 potions of curing (gained 1)
w - 2 potions of heal wounds (gained 1);
A - a potion of berserk rage
l - 5 potions of curing (gained 1) Thank you for shopping at Wota's Distillery!
There is an open translucent door here.
You open the door.
There is an open door here.
There is an open door here.
You open the door.
There is an open door here.
Key pressed, stopping explore.
You open the door.
Found an escape hatch in the floor.
Found a stone staircase leading down.
There is an open door here.
You open the door.
There is an escape hatch in the floor here.
Found a stone staircase leading down.
Key pressed, stopping explore.
No target in view!
No target in view!
No target in view!
g - 3 scrolls of vulnerability (gained 1) As you open the door, it creaks loudly!
Ashenzari invites you to partake of a vision and a curse of fortitude and devices.
There is an open door here.
A two-headed ogre comes into view. It is wielding two +0 giant clubs.
A two-headed ogre is nearby!
A two-headed ogre is nearby!
The helpless two-headed ogre fails to defend itself.
You bludgeon the two-headed ogre! You bite the two-headed ogre.
You tentacle-slap the two-headed ogre. You bite the two-headed ogre!
The two-headed ogre closely misses you.
The two-headed ogre hits you with a +0 giant club!! 😮 HP[-23]
You take 23 damage, and now have 40/63 hp.
MASSIVE DAMAGE!! (PAUSE)
You barely miss the two-headed ogre.
You squeeze the two-headed ogre, but do no damage.
You bite the two-headed ogre! The two-headed ogre barely misses you.
The two-headed ogre closely misses you.
You bludgeon the two-headed ogre! You squeeze the two-headed ogre.
You bite the two-headed ogre.
You devour half of the two-headed ogre!
You feel better.
You kill the two-headed ogre!
No target in view! 😕 HP[+13]
You regained 13 hp, and now have 53/63 hp.
Unknown command.
Things that are here:
a +0 giant club; a +0 giant club Done exploring. 😎 HP[+10]
Your hp is fully restored (63).
Done exploring.
Unknown command.
Done exploring.
Done exploring.
Done exploring.
Done exploring.
Done exploring.
There is an open door here.
There is an escape hatch in the floor here.
There is a stone staircase leading down here.
You climb downwards.
Found an escape hatch in the floor.
Found a staircase to the Orcish Mines.
There is a stone staircase leading up here.
There are monsters nearby!
Unknown command.
The orc warrior throws a boomerang.
The boomerang misses you.
The orc warrior shouts!
You tentacle-slap the orc warrior but do no damage.
Your grab misses the orc warrior.
You squeeze the orc warrior, but do no damage.
You bite the orc warrior, but do no damage.
You bludgeon the orc warrior! You grab the orc warrior.
You constrict the orc warrior.
The orc warrior hits you with a +0 scimitar! 😮 HP[-16]
You take 16 damage, and now have 47/63 hp.
MASSIVE DAMAGE!! (PAUSE)
You are too injured to fight recklessly!
You are too injured to fight recklessly!
Unknown command.
You bludgeon the orc warrior! Your grab misses the orc warrior.
You bite the orc warrior! You constrict the orc warrior.
The orc warrior hits you with a +0 scimitar!
* * * LOW HITPOINT WARNING * * *
The orc warrior hits you with a +0 long sword!
* * * LOW HITPOINT WARNING * * *
The orc hits you with a +0 club.
* * * LOW HITPOINT WARNING * * *
😱 HP[-38]
You take 38 damage, and now have 9/63 hp.
MASSIVE DAMAGE!! (PAUSE)
You tentacle-slap the orc warrior. You constrict the orc warrior.
The orc warrior hits you with a +0 long sword!
You die...

Skill      XL: |  1  2  3  4  5  6  7  8  9 10 11 |
---------------+----------------------------------+-----
Unarmed Combat | 4 5 6 7 9 |  9.1
Shapeshifting  | 4 5 6 7 9 |  9.6
Stealth        | 3 7 10 | 10.8
Dodging        | 3 5 7 8 |  8.2
Fighting       | |  1.0

Action                     |  1- 3 |  4- 6 |  7- 9 | 10-12 || total
---------------------------+-------+-------+-------+-------++-------
  Melee: Unarmed           |    67 |    86 |   242 |   187 ||   582
         Tentacles         |    12 |    21 |    68 |    48 ||   149
         Constrict         |    15 |    26 |    73 |    37 ||   151
         Punch             |     3 |     4 |     4 |     3 ||    14
         Maw               |       |       |       |    25 ||    25
 Invoke: Curse Item        |       |       |     1 |     2 ||     3
  Evoke: Wand              |       |       |    10 |       ||    10
    Use: Scroll            |     2 |     3 |    11 |     4 ||    20
         Potion            |       |       |     4 |     5 ||     9
   Stab: Sleeping          |     9 |     4 |    11 |     6 ||    30
         Invisible         |       |       |     1 |       ||     1
 Armour: Skin              |    21 |    29 |   116 |    88 ||   254
  Dodge: Dodged            |    44 |    69 |   187 |   204 ||   504
   Form: Flux              |       |       |     1 |       ||     1
         Maw               |       |       |       |     1 ||     1

Levels and vault maps discovered:
D:1:      denvon_arrival_planthouse, layout_loops_corners
D:2:      layout_loops_cross, minmay_indecisive_spiral
D:3:      kennysheep_goblin_castle, layout_loops_corners,
          nemelex_spade_bored_becter
D:4:      layout_rooms, cheibrodos_sewer_entry_bend, uniq_natasha, uniq_ijyb,
          uniq_edmund
D:5:      layout_cave_pools, mainiacjoe_overflow_alcove_4,
          minmay_temple_entry_nine_rooms, serial_shops,
          nicolae_shop_advertising_works [nicolae_subvault_shop_adworks],
          minivault_1, lexackson_kobold_supper
D:6:      layout_basic, vehumet_crystals, overflow_temple_1_default,
          kennysheep_little_box, uniq_maggie
D:7:      corexii_shantytown, layout_cave_pods, grunt_decor_arrowhead,
          uniq_jeremiah, uniq_pikel
D:8:      layout_rooms, dpeg_lair_monsters
D:9:      layout_roguey, cheibriados_altar_1, mainiacjoe_overflow_alcove_3,
          serial_shops, nicolae_shop_tiny_glass, feat_on_display, uniq_grum
D:10:     layout_irregular_city, amcnicky_altar_gilded,
          nicolae_hepliaklqana_monster_ancestors, minmay_orc_entry_temple_small
Temple:   nicolae_temple_two_arcs

Notes
Turn   | Place    | Note
-------+----------+-------------------------------------------
     0 | D:1      | ytrimaz the Octopode Shapeshifter began the quest for the
                  | Orb.
     0 | D:1      | Reached XP level 1. HP: 13/13 MP: 1/1
     0 | D:1      | magus.rc [v1.9.6]
   246 | D:1      | Reached XP level 2. HP: 12/18 MP: 2/2
   564 | D:1      | You pick up a book of Chaos and begin reading...
   564 | D:1      | You add the spells Conjure Ball Lightning, Disjunction and
                  | Discord to your library.
  1086 | D:2      | Reached XP level 3. HP: 23/23 MP: 3/3
  1491 | D:2      | Reached skill level 4 in Unarmed Combat
  1509 | D:2      | You pick up a book of Air and begin reading...
  1509 | D:2      | You add the spells Shock, Swiftness and Airstrike to your
                  | library.
  1993 | D:3      | Reached XP level 4. HP: 27/28 MP: 4/4
  2236 | D:3      | Noticed Robin
  2263 | D:3      | Killed Robin
  2412 | D:3      | Reached XP level 5. HP: 33/33 MP: 5/5
  2442 | D:3      | Reached skill level 5 in Unarmed Combat
  2454 | D:3      | Reached skill level 4 in Shapeshifting
  2583 | D:3      | Noticed an ogre
  2592 | D:3      | Killed an ogre
  2593 | D:3      | Reached XP level 6. HP: 38/38 MP: 6/6
  2732 | D:3      | Found a sparkling altar of Nemelex Xobeh.
  2825 | D:4      | Reached skill level 6 in Unarmed Combat
  3004 | D:4      | Identified the +1 leather armour "Raxapneu" {Will+ Regen+
                  | Stlth+}
  3138 | D:4      | Noticed Edmund
  3187 | D:4      | Noticed Ijyb
  3190 | D:4      | Noticed Natasha
  3195 | D:4      | Killed Ijyb
  3198 | D:4      | Killed Natasha
  3199 | D:4      | Reached XP level 7. HP: 34/43 MP: 7/7
  3247 | D:4      | Noticed Natasha
  3253 | D:4      | Killed Natasha
  3300 | D:4      | Reached skill level 5 in Shapeshifting
  3499 | D:4      | Noticed Natasha
  3504 | D:4      | Killed Natasha
  3505 | D:4      | Reached skill level 7 in Unarmed Combat
  3594 | D:5      | Entered Level 5 of the Dungeon
  4026 | D:5      | Reached XP level 8. HP: 48/48 MP: 8/8
  4100 | D:5      | Found a staircase to the Ecumenical Temple.
  4105 | Temple   | Entered the Ecumenical Temple
  4116 | Temple   | Became a worshipper of Ashenzari the Shackled
  4174 | D:5      | Found Amologi's Book Boutique.
  4279 | D:5      | Reached skill level 8 in Unarmed Combat
  4323 | D:5      | You pick up a book of the Senses and begin reading...
  4323 | D:5      | You add the spells Dazzling Flash, Mephitic Cloud, Curse of
                  | Agony and Silence to your library.
  4496 | D:5      | Found a basalt altar of Yredelemnul.
  4653 | D:6      | Noticed a troll
  4795 | D:6      | Killed a troll
  4796 | D:6      | Reached skill level 9 in Unarmed Combat
  4796 | D:6      | Reached skill level 6 in Shapeshifting
  4968 | D:6      | Found a bloodstained altar of Trog.
  5098 | D:6      | Reached skill level 1 in Stealth
  5107 | D:6      | Noticed Maggie
  5119 | D:6      | Killed Maggie
  5120 | D:6      | Reached skill level 3 in Dodging
  5120 | D:6      | Reached skill level 3 in Stealth
  5120 | D:6      | Reached XP level 9. HP: 34/53 MP: 9/9
  5247 | D:6      | Found a radiant altar of Vehumet.
  5276 | D:6      | HP: 19/79 [poisoned by a water moccasin]
  5277 | D:6      | HP: 9/79 [water moccasin (6)]
  5284 | D:6      | Reached skill level 4 in Stealth
  5430 | D:6      | You pick up a book of the Hunter and begin reading...
  5430 | D:6      | You add the spells Sigil of Binding, Call Canine Familiar
                  | and Dimensional Bullseye to your library.
  5433 | D:6      | Identified the ring "Mutoqe" {Fire rPois Will++ rCorr
                  | Dex-5}
  5445 | D:6      | Found a stormy altar of Qazlal.
  5743 | D:7      | Noticed Pikel
  5785 | D:7      | Reached skill level 7 in Shapeshifting
  5797 | D:7      | Noticed Jeremiah
  5810 | D:7      | Killed Jeremiah
  5811 | D:7      | Reached skill level 4 in Dodging
  5811 | D:7      | Reached skill level 5 in Stealth
  6057 | D:7      | Identified the +4 rapier "Gram" {venom, rElec Dex+3}
  6098 | D:7      | Killed Pikel
  6099 | D:7      | Reached skill level 5 in Dodging
  6099 | D:7      | Reached skill level 6 in Stealth
  6340 | D:7      | Reached skill level 7 in Stealth
  6936 | D:8      | Reached XP level 10. HP: 39/58 MP: 10/10
  7001 | D:7      | Reached skill level 8 in Shapeshifting
  7419 | D:8      | Reached skill level 6 in Dodging
  7455 | D:8      | Reached skill level 8 in Stealth
  7471 | D:8      | Noticed a cane toad
  7487 | D:8      | Killed a cane toad
  7522 | D:8      | HP: 14/56 [wight/+0 morningstar (17)]
  7525 | D:8      | HP: 3/55 [wight/+0 dagger (7)]
  7781 | D:8      | Found a staircase to the Lair.
  8042 | D:8      | HP: 14/57 [orc warrior/arrow (3)]
  8342 | D:8      | Reached skill level 9 in Stealth
  8373 | D:8      | Reached * piety under Ashenzari
  8651 | D:8      | Reached skill level 7 in Dodging
  8669 | D:8      | Reached skill level 9 in Shapeshifting
  9000 | D:8      | Reached skill level 10 in Stealth
  9302 | D:8      | Identified the +0 leather armour "Jixzof" {Str+4}
  9530 | D:9      | Noticed Grum
  9544 | D:9      | Found a snail-covered altar of Cheibriados.
  9555 | D:9      | Killed Grum
  9556 | D:9      | Reached XP level 11. HP: 51/63 MP: 11/11
  9782 | D:9      | Found a shimmering blue altar of Sif Muna.
  9783 | D:9      | Found an ornate altar of the Wu Jian Council.
  9784 | D:9      | Found an opulent altar of Gozag.
  9785 | D:9      | Found a sacrificial altar of Ru.
  9841 | D:9      | HP: 15/63 [poisoned by a killer bee]
  9846 | D:9      | HP: 13/63 [killer bee (5)]
  9853 | D:9      | Reached skill level 8 in Dodging
 10083 | D:9      | Found Wota's Distillery.
 10124 | D:9      | Bought a potion of curing for 48 gold pieces
 10124 | D:9      | Bought a potion of curing for 48 gold pieces
 10124 | D:9      | Bought a potion of heal wounds for 80 gold pieces
 10124 | D:9      | Bought a potion of berserk rage for 80 gold pieces
 10124 | D:9      | Bought a potion of curing for 48 gold pieces
 10215 | D:9      | Noticed a two-headed ogre
 10225 | D:9      | Killed a two-headed ogre
 10284 | D:10     | Entered Level 10 of the Dungeon
 10284 | D:10     | Found a staircase to the Orcish Mines.
 10289 | D:10     | HP: 14/63 [orc warrior/+0 long sword (17)]
 10290 | D:10     | Slain by an orc warrior

Vanquished Creatures
  A two-headed ogre (D:9)
  Pikel (D:7)
  Maggie (D:6)
  A cane toad (D:8)
  Jeremiah (D:7)
  2 komodo dragons (D:8)
  A troll (D:6)
  5 yaks
  A wraith (D:8)
  2 steam dragons (D:8)
  2 basilisks (D:8)
  Grum (D:9)
  An acid dragon (D:9)
  3 water moccasins
  2 orc warriors
  2 ogres
  A sky beast (D:7)
  2 wolves (D:9)
  2 centaurs
  2 phantoms (D:4)
  3 lemures (D:7)
  3 kobold brigands
  5 bullfrogs
  A gnoll sergeant (D:5)
  A scorpion (D:4)
  13 wights
  4 killer bees (D:9)
  A howler monkey (D:6)
  A bombardier beetle (D:5)
  2 orc priests (D:8)
  A jelly (D:5)
  3 hounds
  2 sleepcaps
  Natasha (thrice) (D:4)
  Ijyb (D:4)
  3 iguanas
  3 orc wizards
  Robin (D:3)
  13 gnolls
  10 adders
  3 shadow imps
  A white imp (D:7)
  6 ufetubi
  2 dart slugs (D:4)
  21 orcs
  5 endoplasms
  2 giant cockroaches
  28 goblins
  17 hobgoblins
  7 jackals
  4 quokkas
  7 ball pythons
  4 bats
  3 frilled lizards
  28 kobolds
  2 rats (D:5)
248 creatures vanquished.

Table legend:
 A = Non-vault XP
 B = Vault XP
 C = Vault XP percentage of total XP
 D = Non-vault monster count
 E = Vault monster count
 F = Vault count percentage of total count
                 A         B        C        D         E       F
            +---------+---------+-------+---------+---------+-------
      Total |    7410 |    3871 |  34.3 |     164 |      81 |  33.1
            +---------+---------+-------+---------+---------+-------
        D:1 |      31 |       0 |   0.0 |      18 |       0 |   0.0
        D:2 |      25 |      18 |  41.9 |      15 |       4 |  21.1
        D:3 |     215 |      52 |  19.5 |      15 |      21 |  58.3
        D:4 |     436 |      73 |  14.3 |      16 |       2 |  11.1
        D:5 |     528 |     105 |  16.6 |      18 |       8 |  30.8
        D:6 |     987 |     418 |  29.8 |      20 |       1 |   4.8
        D:7 |    1082 |    1150 |  51.5 |      19 |      34 |  64.2
        D:8 |    2281 |    1636 |  41.8 |      31 |       8 |  20.5
        D:9 |    1825 |     419 |  18.7 |      12 |       3 |  20.0
            +---------+---------+-------+---------+---------+-------

Skill      XL: |  1  2  3  4  5  6  7  8  9 10 11 |
---------------+----------------------------------+-----
Unarmed Combat | 4 5 6 7 9 |  9.1
Shapeshifting  | 4 5 6 7 9 |  9.6
Stealth        | 3 7 10 | 10.8
Dodging        | 3 5 7 8 |  8.2
Fighting       | |  1.0

Action                     |  1- 3 |  4- 6 |  7- 9 | 10-12 || total
---------------------------+-------+-------+-------+-------++-------
  Melee: Unarmed           |    67 |    86 |   242 |   187 ||   582
         Tentacles         |    12 |    21 |    68 |    48 ||   149
         Constrict         |    15 |    26 |    73 |    37 ||   151
         Punch             |     3 |     4 |     4 |     3 ||    14
         Maw               |       |       |       |    25 ||    25
 Invoke: Curse Item        |       |       |     1 |     2 ||     3
  Evoke: Wand              |       |       |    10 |       ||    10
    Use: Scroll            |     2 |     3 |    11 |     4 ||    20
         Potion            |       |       |     4 |     5 ||     9
   Stab: Sleeping          |     9 |     4 |    11 |     6 ||    30
         Invisible         |       |       |     1 |       ||     1
 Armour: Skin              |    21 |    29 |   116 |    88 ||   254
  Dodge: Dodged            |    44 |    69 |   187 |   204 ||   504
   Form: Flux              |       |       |     1 |       ||     1
         Maw               |       |       |       |     1 ||     1

Illustrated notes

Table legend:
 A = Kills in this place as a percentage of kills in the entire game.
 B = Kills by you in this place as a percentage of kills by you in the entire game.
 C = Kills by friends in this place as a percentage of kills by friends in the entire game.
 D = Other kills in this place as a percentage of other kills in the entire game.
 E = Experience gained in this place as a percentage of experience gained in the entire game.
 F = Experience gained in this place divided by the number of levels of this place that you have seen.
                   A       B       C       D       E      F
               +-------+-------+-------+-------+-------+----------------------
         Total | 100.0 | 100.0 |   N/A |   N/A | 100.0 | 1025.5
       Dungeon | 100.0 | 100.0 |   N/A |   N/A | 100.0 | 1128.1
               +-------+-------+-------+-------+-------+----------------------

Table legend: (Time is in decaauts)
 A = Elapsed time spent in this place.
 B = Non-inter-level travel time spent in this place.
 C = Inter-level travel time spent in this place.
 D = Time resting spent in this place.
 E = Time spent auto-exploring this place.
 F = Levels seen in this place.
 G = Mean time per level.
                   A        B        C        D        E       F      G
               +--------+--------+--------+--------+--------+-----+--------+
         Total |  10223 |   9779 |    444 |   1328 |   6575 |  11 |  929.4 |
       Dungeon |  10202 |   9766 |    436 |   1328 |   6575 |  10 | 1020.2 |
        Temple |     20 |     12 |      8 |      0 |      0 |   1 |   20.0 |
               +--------+--------+--------+--------+--------+-----+--------+

Top non-repeatable levels by time:
     D:7: 2109 daAuts
     D:8: 1412 daAuts
     D:6: 1122 daAuts
     D:3: 1101 daAuts
     D:1: 1048 daAuts
     D:5: 1021 daAuts
     D:9: 954 daAuts
     D:4: 783 daAuts
     D:2: 644 daAuts
  Temple: 20 daAuts
    D:10: 5 daAuts
